cohdb
Replays
Latest Replays
All Replays
Popular Replays
Top Player Replays
Match Explorer
How It Works
Community
CoH3 Stats
Reddit
Sign in to upload your games and track your stats! →
Sign in with Steam
Match 44745549
Unlisted
Match 44745549
Overview
Messages
Build Orders
End
Panzergrenadier Squad
Panzergrenadier Squad
Construct Light Support Kompanie
MG34 Team
MG34 Team
Selects Italian Infantry
Selects Defensive Operations
2.5-tonne Medical Truck
Fire Support Elements
Assault Grenadier Squad
Pak 38 Mechanized Group
Assault Grenadier Squad
Construct Panzerarmee Kommand
Assault Grenadier Squad
Selects Prepared Positions
Selects Prepared Positions
Walking Stuka Rocket Launcher
Flak 36 Anti-tank Gun Team
Armored Reserves
Selects Obice 305mm Barrage
Assault Grenadier Squad
Obice 305mm Barrage
Tiger Heavy Tank
Selects Guastatori Squad
Selects Registered Artillery
Selects Towed Cannone da 105/28 Field Howitzer
el Mefo_SVK
RoudyPiper
GHOZTG
幺坤儿
Serial Chiller
Masters
Snake Doctor
A-Chen
0
0
Comments
sign in to comment!
No comments posted yet!